 Seeded DCSS version 0.30-a0-883-g5ad918d77d (webtiles) character file.

Game seed: 11138641896053144839 (custom seed)

3376 bmack86 the Cleaver (level 9, -12/80 HPs)
             Began as a Minotaur Fighter on Mar 18, 2023.
             Mangled by a polar bear (28 damage)
             ... on level 8 of the Dungeon.
             The game lasted 00:15:04 (6067 turns).

bmack86 the Cleaver (Minotaur Fighter)              Turns: 6067, Time: 00:15:06

Health: -12/80     AC: 22    Str: 32    XL:     9   Next: 74%
Magic:  8/8        EV:  8    Int:  2    God:
Gold:   242        SH:  9    Dex:  8    Spells: 8/8 levels left

rFire   . . .      SeeInvis .    r - +0 broad axe
rCold   . . .      Faith    .    x - +0 kite shield
rNeg    . . .      Spirit   .    D - +4 scale mail of a bailey {rPois Str+7 Int-3 Dex-2}
rPois   +          Reflect  .    (helmet restricted)
rElec   .          Rampage  .    t - +2 cloak
rCorr   .          Harm     + .  q - +2 pair of gloves
Will    .....                    (no boots) Stlth
                                 c - amulet "Vywnu" {Harm Regen+}
HPRegen 1.13/turn                f - +4 ring of slaying
MPRegen 0.11/turn                v - +4 ring of protection

@: mighty
A: horns 2, retaliatory headbutt
a: no special abilities


You were on level 8 of the Dungeon.
You visited 2 branches of the dungeon, and saw 9 of its levels.

You collected 612 gold pieces.
You spent 370 gold pieces at shops.

Inventory:

Hand Weapons
 a - a +1 war axe
 r - a +0 broad axe (weapon)
Missiles
 o - 13 poisoned darts (quivered)
 y - 2 throwing nets
 F - 4 boomerangs
Armour
 j - a +1 chain mail of positive energy
 q - a +2 pair of gloves (worn)
 t - a +2 cloak (worn)
 x - a +0 kite shield (worn)
 z - a +2 tower shield
 D - the +4 scale mail of a bailey (worn) {rPois Str+7 Int-3 Dex-2}
   (You found it on level 6 of the Dungeon)

   Str:       It affects your strength (+7).
   Int:       It affects your intelligence (-3).
   Dex:       It affects your dexterity (-2).
   rPois:     It protects you from poison.
 H - +0 pearl dragon scales
Jewellery
 c - the amulet "Vywnu" (around neck) {Harm Regen+}
   (You bought it in a shop on level 2 of the Dungeon)

   [amulet of regeneration]

   Regen:     It increases your rate of health regeneration.
   Harm:      It increases damage dealt and taken.
 f - a +4 ring of slaying (left hand)
 g - a ring of willpower
 p - a ring of protection from fire
 v - a +4 ring of protection (right hand)
Wands
 m - a wand of flame (11)
 E - a wand of charming (13)
 I - a wand of mindburst (40)
Scrolls
 i - 7 scrolls of teleportation
 A - 2 scrolls of amnesia
 G - a scroll of poison
Potions
 b - a potion of invisibility
 d - 2 potions of might
 e - 4 potions of brilliance
 h - 2 potions of resistance {unknown}
 k - 8 potions of curing
 l - 3 potions of degeneration {unknown}
 n - a potion of flight
 s - 2 potions of heal wounds
 u - 2 potions of berserk rage {unknown}
 w - a potion of haste {unknown}
 B - 2 potions of lignification
 C - a potion of ambrosia {unknown}


   Skills:
 + Level 7.7 Fighting
 * Level 10.1 Axes
 + Level 5.1 Throwing
 + Level 7.8 Armour
 + Level 7.8 Shields


You had 8 spell levels left.
You didn't know any spells.
Your spell library contained the following spells:

 Spells                   Type           Power      Damage    Failure   Level
 Apportation              Tloc           0%         N/A       96%         1
 Necrotise                Necr           0%         1d4       96%         1
 Sting                    Tmut/Pois      0%         1d3       96%         1
 Summon Small Mammal      Summ           0%         N/A       96%         1
 Poisonous Vapours        Pois/Air       0%         N/A       99%         2
 Call Canine Familiar     Summ           0%         N/A       100%        3
 Portal Projectile        Hex/Tloc       0%         N/A       100%        3
 Vhi's Electric Charge    Tloc/Air       0%         N/A       100%        3
 Leda's Liquefaction      Hex/Erth       0%         N/A       100%        4
 Olgreb's Toxic Radiance  Pois           0%         N/A       100%        4
 Arcjolt                  Conj/Air       0%         1d10      100%        5
 Maxwell's Capacitive Co  Air            0%         ∞         100%        8


Dungeon Overview and Level Annotations

Branches:
Dungeon (8/15)             Temple (1/1) D:5
   Lair: D:8-11

Altars:
Ashenzari
Cheibriados
Dithmenos
Fedhas
Gozag
Hepliaklqana
Kikubaaqudgha
Makhleb
Nemelex Xobeh
Ru
Sif Muna
Trog
Uskayaw
Vehumet
Wu Jian
Xom
Zin
The Shining One

Shops:
D:2 =


Innate Abilities, Weirdness & Mutations

You have a pair of horns on your head.
You reflexively headbutt those who attack you in melee.


Message History

The ice beast closely misses you. The kobold brigand closely misses you.
Sorry, you're not good enough to have a special ability.
You feel very mighty all of a sudden. The ice beast barely misses you.
The kobold brigand hits you with a +0 dagger.
You block the polar bear's attack. The polar bear barely misses you. x2
The kobold hits you with a +0 dagger.
You closely miss the ice beast. You headbutt the ice beast!!
You kill the ice beast!
You barely miss the polar bear. You slice the kobold!!
You kill the kobold!
You slash the kobold brigand!
You kill the kobold brigand!
The polar bear bites you but does no damage.
The polar bear barely misses you.
The polar bear claws you but does no damage.
You barely miss the rime drake. You slash the polar bear!
The rime drake bites you but does no damage.
The polar bear bites you!
The polar bear claws you but does no damage.
The polar bear claws you.
* * * LOW HITPOINT WARNING * * *
The rime drake bites you but does no damage.
You slice the rime drake!!
You kill the rime drake!
You hit the ice beast. You slash the polar bear! The polar bear bites you.
* * * LOW HITPOINT WARNING * * *
The polar bear claws you but does no damage.
You block the polar bear's attack. You block the ice beast's attack.
The polar bear goes berserk!
You block the ice beast's attack.
Your Axes skill increases to level 10!
Your Throwing skill increases to level 5!
You slash the kobold!
You kill the kobold!
You closely miss the ice beast. You slash the polar bear!
You block the polar bear's attack. The polar bear claws you.
* * * LOW HITPOINT WARNING * * *
You block the polar bear's attack. The ice beast closely misses you.
The polar bear bites you!!
You die...

........##.##.# ....#
.#......##[##.# ....#.
.##.#...##.##.####.....(
.##.#......>......#..(..
.##.#....#.##.....~.....
#.#.#..#.###...#......
#......#.###...#......
###. ..#....)h.# . .
........@).# ##
#.##....)Y.#
....##...### ##. #...# #
...!. ######


You could see a polar bear (berserk) and an ice beast.

Vanquished Creatures
  Pikel (D:6)
  A rime drake (D:8)
  Prince Ribbit (D:6)
  2 steam dragons (D:8)
  An ice beast (D:8)
  An orc warrior (D:7)
  3 sky beasts
  An ogre (D:5)
  A lemure (D:6)
  3 kobold brigands
  A bullfrog (D:6)
  2 scorpions
  8 wights
  A crimson imp (D:5)
  5 orc priests
  Crazy Yiuf (D:6)
  2 gnoll boudas
  3 hounds
  An iguana (D:5)
  A sleepcap (D:8)
  8 orc wizards
  9 gnolls
  4 adders
  A shadow imp (D:6)
  2 white imps
  An ufetubus (D:6)
  3 worms
  3 dart slugs
  21 orcs
  4 bats
  8 endoplasms
  2 giant cockroaches
  3 hobgoblins
  17 kobolds
  3 quokkas
  5 ball pythons
  2 frilled lizards
  9 goblins
  3 rats (D:1)
148 creatures vanquished.

Vanquished Creatures (others)
  A sky beast (D:8)
1 creature vanquished.

Grand Total: 149 creatures vanquished

Notes
Turn   | Place    | Note
-------+----------+-------------------------------------------
     0 | D:1      | bmack86 the Minotaur Fighter began the quest for the Orb.
     0 | D:1      | Reached XP level 1. HP: 19/19 MP: 0/0
    31 | D:1      | Reached XP level 2. HP: 11/27 MP: 1/1
   123 | D:1      | Reached skill level 3 in Axes
   443 | D:1      | Reached XP level 3. HP: 33/33 MP: 2/2
  1010 | D:2      | Reached XP level 4. HP: 18/40 MP: 3/3
  1171 | D:2      | Reached skill level 4 in Axes
  1304 | D:2      | Found Rebberoesi's Jewellery Emporium.
  1339 | D:2      | Found a glowing golden altar of the Shining One.
  1799 | D:3      | Found a snail-covered altar of Cheibriados.
  2289 | D:3      | Found a faded altar of an unknown god.
  2640 | D:4      | Found a broken altar of Ashenzari.
  2649 | D:4      | Reached XP level 5. HP: 35/47 MP: 4/4
  2663 | D:4      | Reached skill level 1 in Throwing
  2848 | D:4      | Found an ancient bone altar of Kikubaaqudgha.
  3350 | D:5      | Entered Level 5 of the Dungeon
  3357 | D:5      | Reached skill level 5 in Axes
  3357 | D:5      | Reached XP level 6. HP: 53/53 MP: 5/5
  3538 | D:5      | Reached skill level 5 in Armour
  3538 | D:5      | Reached skill level 5 in Shields
  3596 | D:5      | Reached skill level 5 in Fighting
  3685 | D:5      | Found a staircase to the Ecumenical Temple.
  3698 | Temple   | Entered the Ecumenical Temple
  3833 | D:5      | Found a faded altar of an unknown god.
  3834 | D:5      | Found a hazy altar of Hepliaklqana.
  3859 | D:5      | Reached XP level 7. HP: 56/61 MP: 6/6
  3972 | D:5      | Reached skill level 6 in Axes
  4121 | D:5      | Found a burning altar of Makhleb.
  4402 | D:2      | Bought the amulet "Vywnu" {Harm Regen+} for 370 gold pieces
  4627 | D:6      | Noticed Pikel
  4635 | D:6      | Killed Pikel
  4636 | D:6      | Reached skill level 7 in Axes
  4636 | D:6      | Reached XP level 8. HP: 68/70 MP: 7/7
  4785 | D:6      | Reached skill level 8 in Axes
  4825 | D:6      | Found a radiant altar of Vehumet.
  4943 | D:6      | Identified the +4 scale mail of a bailey {rPois Str+7 Int-3
                  | Dex-2}
  5113 | D:6      | Noticed Prince Ribbit
  5151 | D:6      | Killed Prince Ribbit
  5260 | D:6      | Found a runed translucent door.
  5261 | D:6      | Noticed Crazy Yiuf
  5267 | D:6      | Killed Crazy Yiuf
  5298 | D:7      | Reached XP level 9. HP: 69/78 MP: 8/8
  5414 | D:7      | Reached skill level 9 in Axes
  5656 | D:7      | Found a glowing silver altar of Zin.
  5657 | D:7      | Noticed an angel
  5840 | D:7      | Found a sparkling altar of Nemelex Xobeh.
  6047 | D:8      | Noticed a polar bear
  6056 | D:8      | Noticed a rime drake
  6066 | D:8      | Killed a rime drake
  6067 | D:8      | Reached skill level 10 in Axes
  6067 | D:8      | Reached skill level 5 in Throwing
  6067 | D:8      | Mangled by a polar bear

Illustrated notes

Levels and vault maps discovered:
D:1:      moated_graveyard_arrival, layout_basic, minmay_misc_feat_roman,
          minmay_misc_feat_iff
D:2:      layout_loops_corners, serial_shops, nicolae_shop_hallway_stairs,
          basic_altar
D:3:      layout_loops_ring, cheibrodos_worm_habitat, basic_ecumenical_altar,
          nicolae_underground_beach
D:4:      layout_basic, mainiacjoe_overflow_24_doors,
          mainiacjoe_overflow_concentric_impassable, grunt_decor_junction,
          minmay_pentomino_pile
D:5:      layout_rooms, beargit_hepliaklqana_dungeon_heroes,
          makhleb_grotto_becter, minmay_temple_entry_stoned_glass,
          grunt_ministairs_15
D:6:      layout_basic, nicolae_vehumet_radiance, hex_large,
          uniq_prince_ribbit1, uniq_pikel, uniq_crazy_yiuf_cottage
D:7:      layout_gridville, nemelex_spade_bored_becter, zin_angel,
          eino_small_chamber_without_monster, item_on_display_a
D:8:      layout_loops_ring, hellmonk_lair_entry_icy, serial_shops,
          nicolae_shop_hallway_plus, hangedman_misty_isle
Temple:   compressed_dpeg_triangle_lava_temple

Skill      XL: |  1  2  3  4  5  6  7  8  9 |
---------------+----------------------------+-----
Axes           | 3 4 5 7 8 10 | 10.1
Shields        | 4 5 6 7 |  7.8
Fighting       | 4 5 6 7 |  7.7
Armour         | 4 5 6 7 |  7.8
Throwing       | 1 2 3 4 5 |  5.1

Action                     |  1- 3 |  4- 6 |  7- 9 || total
---------------------------+-------+-------+-------++-------
  Melee: War axe           |    51 |    22 |       ||    73
         Headbutt          |     4 |    19 |    15 ||    38
         Broad axe         |       |    87 |   116 ||   203
  Throw: Dart              |       |       |     3 ||     3
    Use: Scroll            |     1 |     7 |     9 ||    17
         Potion            |       |       |     1 ||     1
 Armour: Scale mail        |     7 |       |    44 ||    51
         Chain mail        |    16 |    99 |    37 ||   152
  Dodge: Dodged            |    18 |    36 |    54 ||   108
  Block: Buckler           |    22 |    13 |       ||    35
         Kite shield       |       |    12 |    68 ||    80

Table legend: (Time is in decaauts)
 A = Elapsed time spent in this place.
 B = Non-inter-level travel time spent in this place.
 C = Inter-level travel time spent in this place.
 D = Time resting spent in this place.
 E = Time spent auto-exploring this place.
 F = Levels seen in this place.
 G = Mean time per level.
                   A        B        C        D        E       F      G
               +--------+--------+--------+--------+--------+-----+--------+
         Total |   6189 |   5796 |    393 |    251 |   3923 |   9 |  687.7 |
       Dungeon |   6093 |   5700 |    393 |    251 |   3923 |   8 |  761.6 |
        Temple |     95 |     95 |      0 |      0 |      0 |   1 |   95.0 |
               +--------+--------+--------+--------+--------+-----+--------+

Top non-repeatable levels by time:
     D:1: 998 daAuts
     D:3: 932 daAuts
     D:6: 905 daAuts
     D:2: 887 daAuts
     D:5: 840 daAuts
     D:4: 742 daAuts
     D:7: 608 daAuts
     D:8: 178 daAuts
  Temple: 95 daAuts
